 Dungeon Crawl Stone Soup version 0.31.0-32-g396128a36d (webtiles) character file.

Game seed: 5043148177908306167

12315 hamd0g the Carver (level 11, -4/80 (83) HPs)
             Began as a Human Fighter on Mar 27, 2024.
             Was a Priest of Wu Jian.
             Slain by an orc warrior
             ... wielding a +0 hand axe
             ... led by Saint Roka
              (5 damage)
             ... on level 1 of the Orcish Mines.
             The game lasted 00:51:33 (11627 turns).

hamd0g the Carver (Human Fighter)                  Turns: 11627, Time: 00:51:33

HP:   -4/80 (83)    AC: 17    Str: 20    XL:     11   Next: 91%
MP:   14/14         EV: 13    Int:  8    God:    Wu Jian [***...]
Gold: 417           SH: 13    Dex: 14    Spells: 10/15 levels left

rFire   . . .        a - +1 long sword (spect)
rCold   . . .        l - +2 kite shield
rNeg    . . .        d - +1 steam dragon scales
rPois   .            (no helmet)
rElec   .            n - +2 cloak {Stlth+}
rCorr   .            j - +2 pair of gloves
SInv    .            u - +2 pair of boots
Will    .....        x - amulet of the acrobat
Stlth   ++++         (no ring)
HPRegen 0.33/turn    (no ring)
MPRegen 0.14/turn

%: acrobat
@: lightly drained, serpent's lash
A: explore regen
a: Renounce Religion, Wall Jump, Serpent's Lash


You were on level 1 of the Orcish Mines.
You worshipped Wu Jian.
Wu Jian was most pleased with you.
You visited 2 branches of the dungeon, and saw 13 of its levels.

You collected 631 gold pieces.
You spent 214 gold pieces at shops.

Inventory:

Hand Weapons
 a - a +1 spectral long sword (weapon)
 k - a +2 great sword
Missiles
 h - a throwing net
 s - 11 poisoned darts
 y - a javelin
Armour
 b - a +3 scale mail
 c - a +0 buckler
 d - +1 steam dragon scales (worn)
 j - a +2 pair of gloves (worn)
 l - a +2 kite shield (worn)
 n - a +2 cloak of stealth (worn)
 q - a +1 robe of positive energy
 u - a +2 pair of boots (worn)
Magical Staves
 m - a staff of air
Jewellery
 x - an amulet of the acrobat (around neck)
Wands
 f - a wand of digging (4)
 g - a wand of charming (13)
 w - a wand of flame (23)
 C - a wand of iceblast (3)
Scrolls
 i - 2 scrolls of vulnerability
 o - a scroll of poison
 p - a scroll of identify
 r - 3 scrolls of noise
Potions
 e - a potion of degeneration
 t - a potion of lignification
 v - 2 potions of magic
 z - a potion of attraction
 A - a potion of resistance
Miscellaneous
 B - a sack of spiders


   Skills:
 * Level 6.9 Fighting
 + Level 11.0 Long Blades
 - Level 1.6 Throwing
 + Level 7.0 Armour
 + Level 6.0 Dodging
 + Level 4.1 Stealth
 + Level 9.5 Shields
 * Level 2.5 Spellcasting
 * Level 2.7 Translocations


You had 10 spell levels left.
You knew the following spells:

 Your Spells              Type           Power      Damage    Failure   Level
a - Blink                 Tloc           10%        N/A       32%         2
b - Teleport Other        Tloc           5%         N/A       54%         3

Your spell library contained the following spells:

 Spells                   Type           Power      Damage    Failure   Level
 Lesser Beckoning         Tloc           10%        N/A       32%         2
 Momentum Strike          Conj/Tloc      6%         3d8       50%         2
 Gell's Gravitas          Tloc           5%         N/A       54%         3
 Call Canine Familiar     Summ           1%         N/A       89%         3
 Dazzling Flash           Conj/Hex       2%         N/A       89%         3
 Frozen Ramparts          Ice            2%         1d1       89%         3
 Mephitic Cloud           Conj/Alch/Air  1%         N/A       89%         3
 Sigil of Binding         Hex            1%         N/A       89%         3
 Dimensional Bullseye     Hex/Tloc       1%         N/A       98%         4
 Vhi's Electric Charge    Tloc/Air       6%         N/A       98%         4
 Animate Dead             Necr           1%         N/A       100%        4
 Leda's Liquefaction      Alch/Erth      0%         N/A       100%        4
 Petrify                  Alch/Erth      1%         N/A       100%        4
 Arcjolt                  Conj/Air       0%         1d10      100%        5
 Curse of Agony           Necr           1%         N/A       100%        5
 Metabolic Englaciation   Hex/Ice        0%         N/A       100%        5
 Silence                  Hex/Air        0%         N/A       100%        5
 Summon Forest            Summ/Tloc      1%         N/A       100%        5
 Eringya's Noxious Bog    Alch           0%         4d6       100%        6
 Plasma Beam              Fire/Air       0%         2x1d10    100%        6
 Haunt                    Necr/Summ      0%         N/A       100%        7
 Malign Gateway           Summ/Tloc      1%         N/A       100%        7
 Summon Hydra             Summ           0%         N/A       100%        7
 Infestation              Necr           0%         N/A       100%        8
 Summon Horrible Things   Summ           0%         N/A       100%        8


Dungeon Overview and Level Annotations

Branches:
Dungeon (11/15)            Temple (0/1) D:6            Lair (0/5) D:8
    Orc (2/2) D:11            Elf (0/3) Orc:2

Altars:
Dithmenos
Okawaru
Ru
Sif Muna
Wu Jian

Shops:
D:5 (   D:8 [

Annotations:
D:3 2 transporters
D:5 Menkaure
Orc:2 Saint Roka


Innate Abilities, Weirdness & Mutations

You regain HP and MP as you explore.


Message History

Your +1 spectral long sword hits the orc warrior.
Your +1 spectral long sword barely misses the orc.
The orc warrior no longer looks unusually strong.
The orc completely misses you. The orc sorcerer casts a spell at you.
You suddenly lose the ability to move!
The orc warrior hits you with a +0 hand axe.
Your +1 spectral long sword disappears.
The orc hits you but does no damage.
The orc sorcerer gestures at you while chanting.
The bolt of negative energy hits you!
You feel drained.
The orc warrior hits you with a +0 hand axe!
* * * LOW HITPOINT WARNING * * *
The orc no longer looks unusually strong.
The orc barely misses you.
The orc warrior hits you with a +0 hand axe.
* * * LOW HITPOINT WARNING * * *
You can move again.
Activating: Serpent's Lash
Press: ? - help, Q - select action, (/) - cycle Dir - look around, f - activate Look: an orc sorcerer, wielding a +0 dagger and wearing a +0 robe (almost dead, strong)
Your muscles tense, ready for explosive movement...
You hit the orc sorcerer.
The orc sorcerer is almost dead.
Your +1 spectral long sword barely misses the orc sorcerer.
You block the orc's attack.
The orc sorcerer gestures at you while chanting.
The bolt of fire hits you!
* * * LOW HITPOINT WARNING * * *
The orc warrior hits you with a +0 hand axe.
* * * LOW HITPOINT WARNING * * *
You hit the orc sorcerer but do no damage.
The orc sorcerer is almost dead.
Your +1 spectral long sword hits the orc sorcerer but does no damage.
The orc hits you but does no damage.
The orc sorcerer hits your +1 spectral long sword with a +0 dagger.
Your spectral weapon shares its damage with you!
* * * LOW HITPOINT WARNING * * *
The orc warrior hits you with a +0 hand axe.
You die...

#....#####........#
##....###.......###
##.....#.......#
##.........#.##
#.........###
##.......##
##..^...###
#.........#
###.o@o.....#
#...[o(#....####
#...[..##....#.##
####....##......^.#
#.......###......#.
####.....##.....##
##...........##
#............#
##........####


You could see an orc sorcerer (strong, distracted, ally target), an orc warrior,
an orc and a friendly +1 spectral long sword.

Vanquished Creatures
  3 two-headed ogres
  Pikel (D:5)
  An orc sorcerer (Orc:1)
  2 cyclopes
  2 gargoyles (D:10)
  An unseen horror (D:11)
  A kobold demonologist (D:10)
  2 komodo dragons (D:8)
  3 trolls
  A hornet (D:9)
  2 dream sheep (D:9)
  A wraith (D:11)
  A wyvern (D:8)
  7 yaks
  Grum (D:11)
  3 wargs (Orc:1)
  2 steam dragons
  Duvessa (D:5)
  2 acid dragons
  4 water moccasins
  3 orc warriors
  A black bear (D:3)
  2 ogres
  4 wolves (D:11)
  A centaur (D:8)
  2 lemures (D:5)
  2 phantoms
  A kobold brigand (D:10)
  2 bullfrogs
  Blork the orc (D:4)
  A gnoll sergeant (D:11)
  A scorpion (D:5)
  Dowan (D:5)
  12 wights
  4 killer bees (D:8)
  2 howler monkeys
  2 bombardier beetles (D:3)
  9 orc priests
  A hound (D:5)
  A gnoll bouda (D:9)
  A sleepcap (D:4)
  5 iguanas
  7 orc wizards
  Terence (D:3)
  12 gnolls
  3 adders
  A shadow imp (D:6)
  4 ufetubi
  A ribbon worm (D:4)
  A dart slug (D:1)
  37 orcs
  5 bats
  5 endoplasms
  3 giant cockroaches
  5 goblins
  5 hobgoblins
  3 jackals (D:1)
  5 quokkas
  3 ball pythons
  A frilled lizard (D:3)
  9 kobolds
  4 rats (D:1)
215 creatures vanquished.

Vanquished Creatures (others)
  A spectral weapon (D:10)
1 creature vanquished.

Grand Total: 216 creatures vanquished

Notes
Turn   | Place    | Note
-------+----------+-------------------------------------------
     0 | D:1      | hamd0g the Human Fighter began the quest for the Orb.
     0 | D:1      | Reached XP level 1. HP: 18/18 MP: 1/1
   220 | D:1      | Reached XP level 2. HP: 24/24 MP: 2/2
   430 | D:1      | Reached XP level 3. HP: 29/29 MP: 3/3
  1018 | D:3      | Reached XP level 4. HP: 24/35 MP: 4/4
  1078 | D:3      | Noticed an ogre
  1079 | D:3      | Found a sacrificial altar of Ru.
  1080 | D:3      | Noticed a sky beast
  1084 | D:3      | Found a transporter.
  1100 | D:3      | Found a transporter.
  1138 | D:3      | Noticed Terence
  1151 | D:3      | HP: 1/35 [poisoned by Terence]
  1152 | D:4      | Noticed a phantom
  1164 | D:5      | Entered Level 5 of the Dungeon
  1164 | D:5      | Noticed Duvessa
  1164 | D:5      | Noticed Dowan
  1164 | D:5      | Found an iron altar of Okawaru.
  1588 | D:4      | Reached skill level 3 in Long Blades
  1702 | D:4      | Found an ornate altar of the Wu Jian Council.
  1711 | D:4      | Became a worshipper of the Wu Jian Council
  1801 | D:4      | Reached XP level 5. HP: 35/41 MP: 5/5
  1875 | D:4      | Killed a phantom
  1876 | D:4      | Reached skill level 1 in Dodging
  1925 | D:4      | Reached XP level 6. HP: 16/47 MP: 6/6
  2109 | D:4      | Noticed Blork the orc
  2126 | D:4      | Killed Blork the orc
  2198 | D:4      | Noticed a black bear
  2204 | D:3      | Found a faded altar of an unknown god.
  2216 | D:3      | Reached skill level 4 in Long Blades
  2461 | D:3      | Killed Terence
  2738 | D:3      | Killed a black bear
  2739 | D:3      | Reached XP level 7. HP: 45/53 MP: 7/7
  3045 | D:5      | Reached * piety under Wu Jian
  3080 | D:5      | Found Onneul's Weapon Shoppe.
  3092 | D:5      | Reached skill level 1 in Stealth
  3120 | D:5      | Reached skill level 5 in Long Blades
  3284 | D:5      | Found a shimmering blue altar of Sif Muna.
  3285 | D:5      | Found a shadowy altar of Dithmenos.
  3312 | D:5      | Killed Duvessa
  3313 | D:5      | Reached skill level 5 in Armour
  3319 | D:5      | Killed Dowan
  3429 | D:5      | Noticed Menkaure
  3727 | D:5      | Reached skill level 5 in Shields
  3727 | D:5      | Reached XP level 8. HP: 13/60 MP: 8/8
  3921 | D:6      | Noticed Pikel
  3960 | D:5      | Killed Pikel
  3961 | D:5      | Reached skill level 6 in Long Blades
  4118 | D:6      | Reached skill level 7 in Long Blades
  4122 | D:6      | Reached XP level 9. HP: 64/66 MP: 9/9
  4194 | D:6      | Found a staircase to the Ecumenical Temple.
  4407 | D:6      | Reached ** piety under Wu Jian
  5116 | D:7      | Identified the +5 dagger of Watchfulness {drain, +Blink Fly
                  | rElec Str-4}
  5130 | D:7      | You fall into a shaft and drop 2 floors!
  5226 | D:9      | Noticed a two-headed ogre
  5618 | D:8      | Reached skill level 5 in Fighting
  5926 | D:9      | Reached skill level 8 in Long Blades
  6191 | D:8      | Found Ojekedgh's Armour Shoppe.
  6200 | D:8      | Bought a +2 pair of boots for 214 gold pieces
  6307 | D:8      | Noticed a komodo dragon
  6328 | D:8      | Killed a komodo dragon
  6332 | D:8      | Noticed a komodo dragon
  6362 | D:8      | Killed a komodo dragon
  6363 | D:8      | Reached XP level 10. HP: 25/74 MP: 10/10
  6903 | D:8      | Found a staircase to the Lair.
  7293 | D:9      | Reached skill level 9 in Long Blades
  7294 | D:10     | Entered Level 10 of the Dungeon
  7306 | D:10     | Noticed a gargoyle
  7376 | D:9      | Killed a two-headed ogre
  7401 | D:9      | Reached *** piety under Wu Jian
  7675 | D:9      | Reached skill level 1 in Throwing
  7994 | D:10     | Noticed a cyclops
  8002 | D:10     | Killed a cyclops
  8003 | D:10     | Reached skill level 5 in Dodging
  8103 | D:10     | Reached skill level 10 in Long Blades
  8103 | D:10     | Reached XP level 11. HP: 59/81 MP: 11/11
  8688 | D:10     | Noticed a two-headed ogre
  8694 | D:10     | Killed a two-headed ogre
  8695 | D:10     | Reached skill level 1 in Spellcasting
  8787 | D:10     | Learned a level 2 spell: Blink
  9566 | D:11     | Noticed a cyclops
  9576 | D:11     | Killed a cyclops
  9608 | D:11     | Noticed a two-headed ogre
  9638 | D:11     | Killed a two-headed ogre
  9639 | D:11     | Reached skill level 1 in Translocations
  9925 | D:11     | Found a staircase to the Orcish Mines.
 10085 | D:11     | Noticed Grum
 10097 | D:11     | Killed Grum
 10511 | Orc:1    | Entered Level 1 of the Orcish Mines
 10737 | Orc:2    | Entered Level 2 of the Orcish Mines
 10738 | Orc:2    | Found a staircase to the Elven Halls.
 10741 | Orc:2    | Noticed an orc sorcerer
 10756 | Orc:1    | Killed an orc sorcerer
 11029 | Orc:2    | Noticed Saint Roka
 11036 | Orc:1    | Reached skill level 11 in Long Blades
 11093 | Orc:2    | Noticed an orc sorcerer
 11389 | Orc:1    | Learned a level 3 spell: Teleport Other
 11623 | Orc:1    | Paralysed by an orc sorcerer for 3 turns
 11626 | Orc:1    | HP: 3/80 [orc sorcerer/bolt of fire[an orc warlord] (15)]
 11627 | Orc:1    | HP: 1/80 [orc sorcerer/+0 dagger[an orc warlord] (1)]
 11627 | Orc:1    | Slain by an orc warrior

Illustrated notes

Levels and vault maps discovered:
D:1:      lightli_molten_gateway, layout_basic
D:2:      layout_loops_corners, basic_altar
D:3:      layout_basic, gammafunk_temple_overflow_arena,
          ebering_ecumenical_altar_abandoned, uniq_terence,
          uniq_crazy_yiuf_cottage
D:4:      layout_basic, nzn_wu_jian_council_hall, uniq_blork_the_orc
D:5:      layout_basic, chequers_temple_overflow_statue_of_worship,
          serial_shops, nicolae_shop_bloodbath_and_beyond, uniq_menkaure,
          uniq_duvessa
D:6:      layout_rooms, minmay_temple_entry_hall, uniq_pikel
D:7:      corexii_shantytown, layout_basic, gammafunk_ghost_berserking_beasts,
          wad_mini_maze
D:8:      layout_basic, erik_lair_dragon, serial_shops, nicolae_shop_crystal,
          hangedman_abyss_or_decor_stabs
D:9:      layout_rooms, dreamdust_gnoll_shepherd
D:10:     layout_loops_ring, st_stairs_5
D:11:     layout_irregular_city, orc_0_dummy, nicolae_tricolors, uniq_grum
Orc:1:    layout_diamond_mine, serial_shops, shop
Orc:2:    st_orc_mages, layout_caves, serial_shops, nicolae_shop_statue_plus,
          library_closet, guppyfry_orc_lava_fort, uniq_saint_roka

Skill      XL: |  1  2  3  4  5  6  7  8  9 10 11 |
---------------+----------------------------------+-----
Long Blades    | 3 4 5 7 8 10 11 | 11.0
Armour         | 4 5 6 7 |  7.0
Dodging        | 1 2 3 5 6 |  6.0
Shields        | 4 5 7 8 9 |  9.5
Stealth        | 1 2 3 4 |  4.1
Fighting       | 4 5 6 |  6.9
Throwing       | 1 |  1.6
Spellcasting   | 2 |  2.5
Translocations | 2 |  2.7

Action                     |  1- 3 |  4- 6 |  7- 9 | 10-12 || total
---------------------------+-------+-------+-------+-------++-------
  Melee: Long sword        |    80 |   126 |   357 |   485 ||  1048
  Throw: Dart              |       |       |       |     8 ||     8
         Javelin           |       |       |       |     6 ||     6
         Throwing net      |       |       |       |     1 ||     1
   Cast: Blink             |       |       |       |     2 ||     2
 Invoke: Serpent's Lash    |       |       |       |     4 ||     4
Ability: Lunge             |       |     4 |    24 |    19 ||    47
         Whirlwind         |       |       |    16 |    24 ||    40
         Wall Jump         |       |       |       |     1 ||     1
  Evoke: Wand              |       |       |       |     1 ||     1
    Use: Scroll            |       |    11 |    12 |     7 ||    30
         Potion            |       |       |     4 |     4 ||     8
   Stab: Distracted        |       |     1 |     4 |     4 ||     9
         Sleeping          |       |       |     2 |     4 ||     6
 Armour: Scale mail        |    63 |   104 |   174 |    43 ||   384
         Steam dragon scal |       |       |       |   232 ||   232
         Skin              |       |       |       |    13 ||    13
  Dodge: Dodged            |    40 |    43 |   101 |   216 ||   400
  Block: Buckler           |    24 |       |       |       ||    24
         Kite shield       |     2 |    96 |   223 |   324 ||   645
